 Dungeon Crawl Stone Soup version 0.17-a0-1946-gfb768fe (webtiles) character file.

56 HungrySpirit the Ruffian (level 3, 0/28 HPs)
             Began as a Draconian Transmuter on Oct 1, 2015.
             Slain by a giant cockroach (1 damage)
             ... on level 2 of the Dungeon.
             The game lasted 00:02:18 (2079 turns).

HungrySpirit the Ruffian (Draconian Transmuter)     Turns: 2079, Time: 00:02:18

Health: 0/28       AC:  5    Str: 12    XL:     3   Next: 69%
Magic:  6/6        EV: 12    Int: 14    God:
Gold:   68         SH:  0    Dex: 11    Spells: 2 memorised, 3 levels left

rFire  . . .     SeeInvis .     e - +0 short sword
rCold  . . .     Clarity  .     (armour unavailable)
rNeg   . . .     SustAt   .     (no shield)
rPois  .         Gourm    .     (helmet restricted)
rElec  .         Spirit   .     (no cloak)
rCorr  .         Warding  .     (no gloves)
rMut   .         Stasis   .     (no boots)
MR     .....                    (no amulet)
Stlth  +.........               (no ring)
                                (no ring)

@: lethally poisoned (0 -> -4), not resistant to hostile enchantments, very
unstealthy
A: unfitting armour, cold-blooded, AC +5
a: no special abilities


You were on level 2 of the Dungeon.
You were not hungry.

You visited 1 branch of the dungeon, and saw 2 of its levels.

You collected 68 gold pieces.

Inventory:

Hand weapons
 e - a +0 short sword (weapon)
Missiles
 a - 12 arrows
 l - a throwing net (quivered)
Scrolls
 d - a scroll of magic mapping {unknown}
 f - a scroll of teleportation {unknown}
 g - a scroll of immolation {unknown}
 j - a scroll of enchant weapon {unknown}
 m - a scroll of enchant armour {unknown}
Books
 b - a book of Changes

   Spells                             Type                      Level
   a - Beastly Appendage              Transmutation                1
   b - Sticks to Snakes               Transmutation                2
   c - Spider Form                    Transmutation/Poison         3
   d - Ice Form                       Ice/Transmutation            4
   e - Blade Hands                    Transmutation                5
Comestibles
 c - a bread ration
 i - a beef jerky


   Skills:
 - Level 1.1 Fighting
 - Level 1.7 Dodging
 + Level 3.7 Unarmed Combat
 + Level 2.2 Spellcasting
 * Level 3.1 Transmutations


You had 3 spell levels left.
You knew the following spells:

 Your Spells              Type           Power        Failure   Level  Hunger
a - Beastly Appendage     Trmt           ##....       10%         1    #......
b - Sticks to Snakes      Trmt           ##........   12%         2    ###....


Dungeon Overview and Level Annotations

Branches:
Dungeon (2/15)

Altars:


Innate Abilities, Weirdness & Mutations

Your plain brown scales are hard (AC +5).
Your body does not fit into most forms of armour.
You are cold-blooded and may be slowed by cold attacks.


Message History

An ooze comes into view.
* * * LOW HITPOINT WARNING * * *
You feel sick.
The ooze quivers.
* * * LOW HITPOINT WARNING * * *
You feel sick.
You see here 23 sling bullets.
* * * LOW HITPOINT WARNING * * *
You feel sick.
You see here 9 gold pieces.
* * * LOW HITPOINT WARNING * * *
You feel sick.
Found a stone staircase leading down.
A giant cockroach comes into view.
* * * LOW HITPOINT WARNING * * *
You feel sick.
The giant cockroach completely misses you.
There is a stone staircase leading down here.
The giant cockroach bites you.
You die...

.......# .......#
... .# .......# ...
#.# .......# ..##.#
..###### ..#.#
..### #.#.# #...#
...# #...#### #..#
#...'..#########@s#
#...##.#....##...>#
#...##.#.##.#####.#
###..#...##.#...J.#
##.####...#.######
.# #.##($.....# ##
#.....####.#
.........#
###...##..


You could see a giant cockroach.

Vanquished Creatures
  A gnoll (D:1)
  2 adders
  2 giant cockroaches (D:1)
  3 goblins (D:1)
  3 hobgoblins (D:1)
  9 kobolds
  3 bats (D:1)
  A giant gecko (D:1)
  2 giant newts (D:1)
  3 jackals (D:1)
  A rat (D:1)
30 creatures vanquished.

Notes
Turn   | Place    | Note
--------------------------------------------------------------
     0 | D:1      | HungrySpirit the Draconian Transmuter began the quest for the Orb.
     0 | D:1      | Reached XP level 1. HP: 16/16 MP: 3/3
   648 | D:1      | Reached XP level 2. HP: 10/23 MP: 5/5
  1441 | D:1      | Reached XP level 3. HP: 9/28 MP: 6/6
  1722 | D:1      | Learned a level 2 spell: Sticks to Snakes
  2077 | D:2      | HP: 1/28 [poisoned by an adder]
  2079 | D:2      | Slain by a giant cockroach

Vault maps used:
D:1:      dpeg_arrival_morbid_curiosity
D:2:      lexackson_kobold_supper

Action                   || total
-------------------------++-------
Melee: Unarmed           ||    14
       Short sword       ||   104
 Cast: Beastly Appendage ||     8
  Use: Potion            ||     1
  Eat: Chunk             ||     4
